AoeStats
← _vishi_

Arena

509272249Analyzed
4v4 RM · 7d ago on Sep 26, 2026· 39m 8s· 8 players
Game mode
Random Map
Map size
Large (8 player)
Population
200
Speed
Normal
Resources
Standard
Victory
Conquest
Starting age
Dark Age
Ending age
Imperial Age
RankedLock teamsTeams togetherTeam positionsShared explorationLock speedFull tech treeHidden civsTurbo modeCheats
Victory
Defeat
🇨🇳 Hindustanis · China
1451
+14
🇮🇳 Saracens · India
1440
+14
🇺🇸 Saxons · United States
1365
+17
🇮🇳 Britons · India
1361
+18
🇨🇴 Burgundians · Colombia
1415
-16
🇺🇸 Varangians · United States
1415
-16
🇺🇸 Danes · United States
1402
-16
🇲🇽 Britons · Mexico
1370
-15
jules
9:58 Feudal Age
10:01 Feudal Age
10:10 Feudal Age
11:11 Double-Bit Axe
14:07 Castle Age
12:37 Horse Collar
14:59 Scale Mail Armor
16:05 Loom
20:16 Arson
23:19 Forging
24:11 Squires
27:01 Chain Mail Armor
32:28 Imperial Age
30:53 Heavy Plow
33:15 Wheelbarrow
34:32 Heavy Scorpion
not sure
10:35 Feudal Age
14:24 Castle Age
13:01 Double-Bit Axe
13:08 Horse Collar
15:54 Wheelbarrow
15:56 Bow Saw
21:12 Heavy Plow
23:01 Hand Cart
23:06 Gold Mining
25:13 Scale Barding Armor
27:47 Imperial Age
25:15 Stone Mining
26:21 Chain Barding Armor
26:11 Forging
26:42 Stone Shaft Mining
27:02 Bloodlines
26:53 Husbandry
27:16 Loom
27:20 Town Watch
28:56 Iron Casting
29:05 Plate Barding Armor
29:06 Iron Casting
28:38 Elite Jarl
30:26 Conscription
33:06 Blast Furnace
sgt peppers s
7:25 Loom
10:17 Feudal Age
11:48 Loom
13:17 Fletching
22:17 Castle Age
20:42 Horse Collar
22:57 Bodkin Arrow
22:23 Crossbowman
23:25 Gold Mining
23:23 Double-Bit Axe
24:50 Padded Archer Armor
28:15 Bow Saw
28:07 Heavy Plow
31:32 Wheelbarrow
33:59 Hand Cart
36:19 Imperial Age
34:49 Leather Archer Armor
34:59 Ballistics
35:40 Masonry
36:18 Gold Mining
37:21 Bracer
36:41 Arbalester
37:55 Conscription
37:55 Elite Skirmisher
39:19 Architecture
38:44 Elite Skirmisher
maxwell54
3:46 Double-Bit Axe
7:04 Horse Collar
11:18 Feudal Age
15:52 Castle Age
14:26 Bow Saw
15:19 Wheelbarrow
15:07 Heavy Plow
20:56 Hand Cart
29:32 Imperial Age
27:46 Gold Mining
29:07 Two-Man Saw
28:21 Scale Barding Armor
28:27 Forging
28:40 Burgundian Vineyards
28:45 Loom
29:42 Fletching
29:52 Padded Archer Armor
30:40 Conscription
29:42 Elite Skirmisher
30:54 Bodkin Arrow
31:33 Leather Archer Armor
32:22 Chemistry
31:49 Bracer
32:37 Ballistics
32:12 Cavalier
32:52 Husbandry
meh
5:32 Loom
8:08 Feudal Age
8:35 Double-Bit Axe
12:06 Town Watch
12:23 Fletching
18:49 Horse Collar
22:09 Castle Age
21:10 Stone Mining
21:12 Gold Mining
21:22 Gold Mining
24:17 Wheelbarrow
24:42 Bow Saw
25:50 Scale Mail Armor
26:43 Forging
29:21 Iron Casting
29:01 Chain Mail Armor
34:14 Imperial Age
32:25 Chain Mail Armor
32:54 Gold Shaft Mining
33:36 Ballistics
33:24 Squires
33:10 Arson
33:53 Pikeman
35:25 Plate Mail Armor
34:25 Shield Wall
35:31 Conscription
34:59 Gambesons
_vishi_
10:22 Feudal Age
14:39 Castle Age
13:00 Double-Bit Axe
13:20 Horse Collar
15:34 Wheelbarrow
15:51 Bow Saw
21:03 Heavy Plow
25:07 Loom
28:44 Imperial Age
26:32 Hand Cart
26:33 Stone Mining
26:33 Gold Mining
27:06 Ballistics
27:04 Fletching
27:32 Pikeman
28:12 Squires
28:07 Arson
28:27 Bodkin Arrow
28:33 Padded Archer Armor
28:34 Scale Mail Armor
28:44 Forging
29:18 Gold Shaft Mining
30:30 Bracer
30:47 Chain Mail Armor
31:36 Chemistry
30:55 Elite Longbowman
32:59 Two-Man Saw
31:57 Halberdier
33:52 Iron Casting
34:26 Conscription
35:15 Leather Archer Armor
36:49 Yeomen
38:56 Ring Archer Armor
120057903
10:52 Feudal Age
11:49 Double-Bit Axe
14:42 Castle Age
12:25 Horse Collar
16:04 Bow Saw
15:57 Heavy Plow
20:11 Wheelbarrow
23:05 Hand Cart
23:58 Loom
24:01 Town Watch
27:07 Imperial Age
25:09 Scale Barding Armor
26:46 Chain Barding Armor
26:34 Grand Trunk Road
27:51 Forging
27:14 Heavy Camel Rider
27:55 Husbandry
28:05 Bloodlines
28:32 Plate Barding Armor
29:09 Iron Casting
28:57 Conscription
29:13 Imperial Camel Rider
32:45 Blast Furnace
34:12 Fletching
35:29 Chemistry
34:30 Padded Archer Armor
36:07 Bodkin Arrow
37:05 Gold Mining
37:06 Stone Mining
37:17 Bracer
Dark_Shelly
10:38 Feudal Age
11:46 Double-Bit Axe
14:33 Castle Age
12:38 Double-Bit Axe
13:22 Horse Collar
16:17 Bow Saw
23:42 Wheelbarrow
23:08 Loom
27:00 Hand Cart
27:05 Gold Mining
27:30 Heavy Plow
27:34 Stone Mining
28:32 Forging
31:31 Imperial Age
29:22 Bloodlines
29:40 Scale Barding Armor
30:01 Husbandry
32:44 Iron Casting
32:33 Ballistics
32:23 Masonry
31:49 Elite Mameluke
32:57 Onager
34:36 Gold Shaft Mining
34:59 Conscription
37:47 Blast Furnace
37:12 Chain Barding Armor
38:12 Chemistry
37:18 Siege Engineers
38:24 Two-Man Saw
Connection lost

Rejoining the realm…

Still unreachable

The connection could not be restored.

Session expired

The server has moved on; the page needs a fresh start.